 Dungeon Crawl Stone Soup version 0.29.1-4-g47bece8355 (webtiles) character file.

Game seed: 4788601766790687765

115 GigaChad the Sneak (level 5, 0/35 HPs)
             Began as an Octopode Brigand on Dec 9, 2022.
             Slain by an orc
             ... wielding a +0 hand axe
              (1 damage)
             ... on level 3 of the Dungeon.
             The game lasted 00:03:19 (2391 turns).

GigaChad the Sneak (Octopode Brigand)               Turns: 2391, Time: 00:03:20

Health: 0/35       AC:  1    Str: 10    XL:     5   Next: 0%
Magic:  5/5        EV: 13    Int: 13    God:
Gold:   137        SH:  0    Dex: 16    Spells: 4/4 levels left

rFire   + . .      SeeInvis .   a - +2 dagger
rCold   . . .      Faith    .   (no shield)
rNeg    . . .      Spirit   .   (helmet restricted)
rPois   .          Reflect  .   (no amulet)
rElec   .          Harm     .   l - ring of protection from fire
rCorr   .          Rampage  .   (no ring)
Will    .....                   (no ring)
Stlth   +++.......              (no ring)
HPRegen 0.11/turn               (no ring)
MPRegen 0.09/turn               (no ring)
                                (no ring)
                                (no ring)

@: confused
A: almost no armour, amphibious, 8 rings, camouflage 1, gelatinous body 1,
(nimble swimmer 1), tentacles
a: no special abilities


You were on level 3 of the Dungeon.
You visited 1 branch of the dungeon, and saw 3 of its levels.

You collected 137 gold pieces.

Inventory:

Hand Weapons
 a - a +2 dagger (weapon)
Missiles
 b - 11 poisoned darts (quivered)
 c - 3 curare-tipped darts
Jewellery
 g - an amulet of faith
 l - a ring of protection from fire (left tentacle)
Wands
 k - a wand of light (8)
Scrolls
 f - 2 scrolls of teleportation {unknown}
Potions
 d - a potion of degeneration {unknown}
 e - a potion of lignification {unknown}
 h - 2 potions of might {unknown}
 i - a potion of berserk rage {unknown}
 j - 2 potions of curing {unknown}
 m - a potion of mutation {unknown}
 n - a potion of brilliance {unknown}


   Skills:
 + Level 2.5 Fighting
 + Level 2.6 Short Blades
 + Level 2.1 Throwing
 + Level 1.3 Dodging
 + Level 7.5 Stealth


You had 4 spell levels left.
You didn't know any spells.
Your spell library was empty.

Dungeon Overview and Level Annotations

Branches:
Dungeon (3/15)

Altars:
Uskayaw


Innate Abilities, Weirdness & Mutations

You cannot wear most types of armour.
You are amphibious.
You can wear up to eight rings at the same time.
Your skin changes colour to match your surroundings (Stealth+).
Your rubbery body absorbs attacks. (AC +1, EV +1)
((You are camouflaged when in or above water. (Stealth+)))
You have tentacles for arms and can constrict up to eight enemies at once.


Message History

a +0 mace; a +0 short sword You barely miss something.
You squeeze something! The ball python misses you. The ball python grabs you.
The ball python constricts you.
You hit something but do no damage. Your squeeze misses something.
You hear some strange, mumbled words.
A puff of flame appears from out of thin air!
The puff of flame misses you. The ball python bites you.
The ball python constricts you.
You hit something. The ball python barely misses you.
The ball python constricts you.
You hear some strange, mumbled words.
A magic dart appears from out of thin air!
The magic dart hits you!
* * * LOW HITPOINT WARNING * * *
The orc hits the bush with a +0 hand axe!
You miss something. The ball python closely misses you.
The ball python constricts you.
* * * LOW HITPOINT WARNING * * *
You hear some strange, mumbled words.
You are confused.
The orc hits the bush but does no damage.
You escape the ball python's grasp.
The ball python attacks as you move away!
The ball python closely misses you. x2
You hit the ball python.
You kill the ball python!
Something hits the bush but does no damage.
You have reached level 5!
You feel agile. The orc misses you.
Things that are here:
a +0 mace; a +0 short sword You hit the orc but do no damage.
The orc barely misses you.
The orc hits the bush but does no damage.
You barely miss the orc.
The orc hits the bush but does no damage.
Something hits you.
* * * LOW HITPOINT WARNING * * *
The orc hits you with a +0 hand axe.
You die...

################
#...............
#.######.P.♣P.##
#.# ##..♣PP #.#
#.♣♣.♣♣ #.#
#..♣♣♣ #.#
#oPP.♣ #.#
#)@o.♣ #.#
##{.PPP# #.#
##..# # #.# #.#
###.# .# #...#
.# #.### . #.# .
#.#


You could see 2 orcs.

Vanquished Creatures
  An orc priest (D:3)
  Jessica (D:2)
  3 adders (D:2)
  An orc (D:3)
  3 endoplasms (D:1)
  2 giant cockroaches (D:2)
  5 goblins
  2 hobgoblins
  A quokka (D:1)
  3 ball pythons
  3 bats (D:2)
  5 frilled lizards
  A kobold (D:2)
  4 rats
35 creatures vanquished.

Notes
Turn   | Place    | Note
-------+----------+-------------------------------------------
     0 | D:1      | GigaChad the Octopode Brigand began the quest for the Orb.
     0 | D:1      | Reached XP level 1. HP: 14/14 MP: 1/1
   432 | D:1      | Reached XP level 2. HP: 11/19 MP: 2/2
   838 | D:1      | Reached skill level 6 in Stealth
  1309 | D:2      | Reached XP level 3. HP: 18/24 MP: 3/3
  1459 | D:2      | Noticed Jessica
  1461 | D:2      | Killed Jessica
  1462 | D:2      | Reached XP level 4. HP: 29/29 MP: 4/4
  1687 | D:2      | Reached skill level 7 in Stealth
  2141 | D:3      | Found a faded altar of an unknown god.
  2255 | D:3      | Noticed a +0 dagger
  2256 | D:3      | Noticed a +0 spear
  2256 | D:3      | Noticed a +0 short sword
  2257 | D:3      | Noticed a +0 spear
  2257 | D:3      | Noticed a +0 dagger
  2257 | D:3      | Noticed a +0 falchion
  2258 | D:3      | Noticed a +0 falchion
  2259 | D:3      | Noticed a +0 short sword
  2274 | D:3      | Found a hide-covered altar of Uskayaw.
  2388 | D:3      | Reached XP level 5. HP: 5/35 MP: 5/5
  2390 | D:3      | HP: 1/35 [something (4)]
  2391 | D:3      | Slain by an orc

Illustrated notes

Levels and vault maps discovered:
D:1:      giann_horns, layout_loops_ring
D:2:      layout_loops_cross, minmay_misc_feat_cross, minmay_misc_feat_hallway,
          uniq_jessica
D:3:      layout_loops_ring, nicolae_uskayaw_en_pointe, basic_ecumenical_altar,
          serial_forest, infiniplex_forest_lined_2,
          infiniplex_forest_clump_small, infiniplex_forest_clump_medium,
          infiniplex_forest_lined_ring, infiniplex_forest_clump_diagonal,
          infiniplex_forest_clump_C, infiniplex_forest_lined_room_,
          gup_sewer_entry_bubbles, minmay_randomly_rotated_circles

Skill      XL: |  1  2  3  4 |
---------------+-------------+-----
Stealth        | 6 7 |  7.5
Fighting       | |  2.5
Short Blades   | |  2.6
Throwing       | |  2.1
Dodging        | |  1.3

Action                   |  1- 3 |  4- 6 || total
-------------------------+-------+-------++-------
Melee: Dagger            |    37 |    38 ||    75
       Constrict         |     5 |     6 ||    11
       Tentacles         |     6 |     5 ||    11
 Stab: Sleeping          |     2 |     8 ||    10
Armor: Skin              |     3 |     2 ||     5
Dodge: Dodged            |    12 |    27 ||    39
